 Dungeon Crawl Stone Soup version 0.21.1-1-g345015f (webtiles) character file.

85 Opti87 the Sneak (level 4, -3/36 HPs)
             Began as a Kobold Fire Elementalist on May 23, 2018.
             Slain by an orc (4 damage)
             ... on level 3 of the Dungeon.
             The game lasted 00:11:17 (2946 turns).

Opti87 the Sneak (Kobold Fire Elementalist)         Turns: 2946, Time: 00:11:18

Health: -3/36      AC:  2    Str: 10    XL:     4   Next: 75%
Magic:  4/17       EV: 16    Int: 17    God:
Gold:   100        SH:  0    Dex: 15    Spells: 2/8 levels left

rFire    . . .     SeeInvis .   j - +0 short sword
rCold    . . .     Gourm    .   (shield restricted)
rNeg     . . .     Faith    .   a - +0 robe
rPois    .         Spirit   .   (no helmet)
rElec    .         Reflect  .   (no cloak)
rCorr    .         Harm     .   (no gloves)
MR       .....                  (no boots)
Stlth    ..........             k - amulet of magic regeneration
HPRegen  0.12/turn              g - ring of magical power
MPRegen  0.40/turn              (no ring)

@: berserking, very slightly contaminated, very quick
A: small, carnivore
a: no special abilities


You were on level 3 of the Dungeon.
You were completely stuffed.

You visited 1 branch of the dungeon, and saw 3 of its levels.

You collected 100 gold pieces.

Inventory:

Hand Weapons
 j - a +0 short sword (weapon)
Armour
 a - a +0 robe (worn)
Jewellery
 g - a ring of magical power (left hand)
 k - an amulet of magic regeneration (around neck)
Scrolls
 d - 4 scrolls of identify {@r1}
 e - 2 scrolls of remove curse {unknown}
 i - 3 scrolls of enchant armour {unknown}
 l - a scroll of noise {unknown}
Potions
 f - a potion of curing {unknown}
 n - a potion of ambrosia {unknown}
Books
 b - a book of Flames

   Spells                             Type                      Level
   a - Flame Tongue                   Conjuration/Fire             1
   b - Throw Flame                    Conjuration/Fire             2
   c - Conjure Flame                  Conjuration/Fire             3
   d - Inner Flame                    Hexes/Fire                   3
   e - Sticky Flame                   Conjuration/Fire             4
   f - Fireball                       Conjuration/Fire             5
Comestibles
 c - 4 rations
 m - a chunk of flesh


   Skills:
 + Level 3.2 Dodging
 + Level 3.8 Stealth
 + Level 2.8 Spellcasting
 + Level 2.0 Conjurations
 + Level 3.4 Fire Magic


You had 2 spell levels left.
You knew the following spells:

 Your Spells              Type           Power        Failure   Level  Hunger
a - Flame Tongue          Conj/Fire      ##...        6%          1    #......
b - Throw Flame           Conj/Fire      ##....       9%          2    ##.....
c - Conjure Flame         Conj/Fire      ##......     17%         3    ###....


Dungeon Overview and Level Annotations

Branches:
Dungeon (3/15)

Altars:
The Shining One


Innate Abilities, Weirdness & Mutations

You are small and have problems with some larger weapons.
You are carnivorous and can eat meat at any time.


Message History

The orc shouts!
You hear some strange, mumbled words.
A puff of frost appears from out of thin air!
The puff of frost hits you!
* * * LOW HITPOINT WARNING * * *
The orc closely misses you. Something barely misses you.
Casting: Flame Tongue
Confirm with . or Enter, or press ? or * to list all spells.
Aiming: Flame Tongue
Press: ? - help, Shift-Dir - straight line, f/p - orc
Aim: an orc The flame tongue hits the orc.
The orc is moderately wounded.
Something hits you but does no damage. The orc hits you.
* * * LOW HITPOINT WARNING * * *
It was a potion of berserk rage.
A red film seems to cover your vision as you go berserk!
You feel yourself moving faster!
You feel mighty! Something hits you.
* * * LOW HITPOINT WARNING * * *
The orc hits you.
You die...

#...) #.... #....
######## #.... #......#
####.... #......#
######....... ##......#
##............
..!.....#
#.............
#)....@###.............
#.....o†............###
#.###?..............#
...$...#o...........###
######....#............
...o...####.#.......
##....... ...........
#...##.#####...##....
#.... #.# ##.. #....


You could see 3 orcs.

Vanquished Creatures
  2 adders (D:2)
  A worm (D:2)
  3 dart slugs
  A ball python (D:1)
  6 bats
  6 giant cockroaches
  7 goblins
  7 hobgoblins
  2 quokkas
  3 frilled lizards
  9 kobolds
  6 rats
53 creatures vanquished.

Notes
Turn   | Place    | Note
-------+----------+-------------------------------------------
     0 | D:1      | Opti87 the Kobold Fire Elementalist began the quest for the Orb.
     0 | D:1      | Reached XP level 1. HP: 10/10 MP: 3/3
   123 | D:1      | Reached XP level 2. HP: 13/15 MP: 0/5
   646 | D:1      | Found a glowing golden altar of the Shining One.
   707 | D:1      | Reached XP level 3. HP: 19/19 MP: 6/6
  1214 | D:2      | Learned a level 2 spell: Throw Flame
  1218 | D:2      | Learned a level 3 spell: Conjure Flame
  1492 | D:2      | Reached XP level 4. HP: 24/24 MP: 7/7
  2946 | D:3      | HP: 1/36 [something (3)]
  2946 | D:3      | Slain by an orc

Skill      XL: |  1  2  3  4 |
---------------+-------------+-----
Stealth        | 3 |  3.8
Dodging        | 3 |  3.2
Conjurations   | 2 |  2.0
Spellcasting   | |  2.8
Fire Magic     | |  3.4

Action                   |  1- 3 |  4- 6 || total
-------------------------+-------+-------++-------
Melee: Unarmed           |     5 |       ||     5
       Short sword       |       |     2 ||     2
 Cast: Flame Tongue      |    38 |    18 ||    56
       Throw Flame       |    10 |    28 ||    38
       Conjure Flame     |       |     2 ||     2
  Use: Scroll            |       |     1 ||     1
       Potion            |       |     1 ||     1
  Eat: Chunk             |    11 |     6 ||    17
Armor: Robe              |     3 |       ||     3
Dodge: Dodged            |    23 |    10 ||    33
